Zazza, chaotic female human Tourist ---------------- |...........<... |..............| |..............| --|---------|--- ############ # # ################### -|---------- # |......:.>.| |..........| |..........| |........uD| |........qf| |........q@| ------------ Zazza the Rambler Experience level: 1 Strength: 11 Dexterity: 13 Constitution: 17 Intelligence: 13 Wisdom: 7 Charisma: 17 Health: 0(16) Energy: 2(2) Def: -1 Gold: 2899 Moves: 3779 Dungeon seed: -6EJKPda55iHvqP3 Game ID: Zazza_1619462091 Your Inventory: Coins $ - 2899 gold pieces Amulets f - an uncursed amulet of ESP (being worn) X - an uncursed amulet of unchanging Weapons a - 24 +2 darts m - a +0 elven dagger (weapon in hand) x - a cursed +0 scimitar Armor e - an uncursed +0 Hawaiian shirt (being worn) r - an uncursed +0 orcish helm M - a cursed -2 helm of opposite alignment named Offler (being worn) Comestibles P - 7 uncursed food rations S - an uncursed tripe ration T - an uncursed egg Scrolls t - a blessed scroll of destroy armor L - an uncursed scroll of confuse monster O - an uncursed scroll of amnesia U - an uncursed scroll of create monster Spellbooks s - an uncursed spellbook of sleep Potions i - an uncursed potion of extra healing v - 2 uncursed potions of hallucination B - an uncursed potion of sickness F - 3 uncursed potions of booze J - an uncursed potion of water Rings I - an uncursed ring of polymorph control Wands g - a wand of enlightenment (0:14) A - a wand of nothing (0:0) H - a wand of digging (0:3) W - a wand of magic missile (0:5) Tools k - an expensive camera (0:46) l - an uncursed credit card u - a magic marker (0:62) Gems n - an uncursed garnet stone q - an uncursed aquamarine stone y - an uncursed obsidian stone z - an uncursed worthless piece of orange glass N - 2 uncursed worthless pieces of red glass Spells and supernatural/magical abilities: Name Level Category Fail Memory H - haste self 3 escape 100% 83% W - pray for help -- divine ? -- Your skills at the end: Fighting Skills Weapon Skills dart [Basic] Spellcasting Skills Final Attributes: You were stridently aligned. You were telepathic. You were lucky. You are dead. Vanquished creatures: a large mimic a small mimic 2 shriekers a gnome lord a floating eye a wererat 2 iguanas 2 gas spores a hobbit a hobgoblin 2 giant rats 2 brown molds a red mold 7 geckos 2 jackals 2 foxes a kobold 2 goblins 3 sewer rats a grid bug 5 bats 5 lichens 2 kobold zombies 2 newts 50 creatures vanquished. Voluntary challenges: You had followed a strict vegetarian diet until turn 2606. You never hit with a wielded weapon. You read items or engraved 31 times, starting on turn 171. You never genocided any monsters. You never polymorphed an object. You never changed form. You used no wishes. You never split a pudding. You wrote Elbereth's name 10 times, starting on turn 1071. You never violated your personal moral code. Dungeon overview: The Dungeons of Doom: levels 1 to 7 Level 1 some fountains, a sink a long staircase Level 2 a long staircase Level 3 a jewelry store, some fountains Level 4 a general store, an altar to Blind Io, a sink Level 5 Level 6 an altar to The Lady Level 7 <- You were here History has recorded: On T:1 you entered the Dungeons of Doom to retrieve the Amulet of Yendor! On T:385 you reached level 2 of The Dungeons of Doom. On T:424 you reached level 3 of The Dungeons of Doom. On T:1629 you reached level 4 of The Dungeons of Doom. On T:2243 you reached level 5 of The Dungeons of Doom. On T:3225 you reached level 6 of The Dungeons of Doom. On T:3636 you reached level 7 of The Dungeons of Doom. Score breakdown: Gold: 2424 (11513 points) Experience: 1 level ( 0 points) Exploration: 7 levels ( 13.73%) (10392 points) Discoveries: 9 items ( 3.02%) ( 5213 points) Valuables value: (no points given unless you survive) Artifact value: 0 ( 0 points) Variety of kills: 24 monsters ( 6.30%) ( 7529 points) Turncount: 3779 turns ( -940 points) Survival: died (score multiplied by 80%) Total score: 26965 Latest messages: You hear a door open. v - an uncursed brilliant blue potion. You displace Armand. You displace your baby black dragon. You stop. Armand is in the way! You displace Armand. You displace your pony. You displace your baby black dragon. You displace your pony. You stop. Armand is in the way! The baby black dragon bites the iguana. The iguana misses the baby black dragon. The baby black dragon bites the iguana. The iguana misses the baby black dragon. You displace Armand. The rothe hits Armand. The rothe misses Armand. The rothe bites Armand. You write in the dust with your fingers. The rothe hits! The rothe bites! (2x) The rothe hits! You die... Final status: Aloha Zazza the Tourist, killed by a rothe... You died in The Dungeons of Doom on dungeon level 7 with 26965 points, and 2899 pieces of gold, after 3779 moves. You were level 1 with a maximum of 16 hit points when you died.